 Dungeon Crawl Stone Soup version 0.28.0-45-g0d030f2227 (webtiles) character file.

Game seed: 8921165006434708317

84604 Hylith the Reanimator (level 15, -10/152 HPs)
             Began as a Deep Dwarf Necromancer on Apr 28, 2022.
             Was the Champion of Makhleb.
             Mangled by a sea snake (12 damage)
             ... on level 2 of the Shoals on May 3, 2022.
             The game lasted 02:45:55 (38426 turns).

Hylith the Reanimator (Deep Dwarf Necromancer)     Turns: 38426, Time: 02:45:55

Health: -10/152    AC: 13    Str: 11    XL:     15   Next: 35%
Magic:  6/26       EV: 18    Int: 28    God:    Makhleb [******]
Gold:   772        SH:  5    Dex: 19    Spells: 14/37 levels left

rFire   . . .      SeeInvis +   M - +3 war axe
rCold   . . .      Faith    .   (no shield)
rNeg    + . .      Spirit   .   C - +0 steam dragon scales
rPois   .          Reflect  +   J - +2 helmet {SInv}
rElec   +          Harm     .   i - scarf {repulsion}
rCorr   .          Rampage  .   (no gloves)
Will    ++...                   P - +2 pair of boots
Stlth   ++++......              g - amulet of reflection
HPRegen 0.00/turn               I - +6 ring of intelligence
MPRegen 0.20/turn               K - +6 ring of dexterity

@: lethally poisoned (-10 -> -10), about to teleport, repel missiles
A: damage resistance, heal wounds, negative energy resistance 1, sense
surroundings 2, no regeneration, robust 1, electricity resistance, weak 1
a: Heal Wounds, Renounce Religion, Minor Destruction, Lesser Servant of Makhleb,
Major Destruction, Greater Servant of Makhleb


You were on level 2 of the Shoals.
You worshipped Makhleb.
Makhleb was exalted by your worship.
You visited 6 branches of the dungeon, and saw 22 of its levels.
You visited 1 bazaar.

You collected 3238 gold pieces.
You spent 2466 gold pieces at shops.

Inventory:

Hand Weapons
 a - the +8 quarterstaff "Xiq Uruv" {antimagic, rCorr Dex+6}
   (You found it on level 7 of the Dungeon)

   It reduces the magical energy of the wielder, and disrupts the spells and
   magical abilities of those it strikes.
   Natural abilities and divine invocations are not affected.
   Dex:       It affects your dexterity (+6).
   rCorr:     It protects you from acid and corrosion.
 m - a +2 dagger of venom
 M - a +3 war axe (weapon)
Missiles
 H - 19 poisoned darts (quivered)
 Y - 4 throwing nets
Armour
 i - a scarf of repulsion (worn)
 r - a +2 leather armour of cold resistance
 A - a +2 kite shield
 C - +0 steam dragon scales (worn)
 J - a +2 helmet of see invisible (worn)
 P - a +2 pair of boots (worn)
Jewellery
 c - the amulet "Meukkuc" {Spirit rC+ Str+2 Dex-5}
   (You found it on level 4 of the Lair of Beasts)

   [amulet of guardian spirit]

   It causes incoming damage to be divided between your reserves of health and
   magic.
   Str:       It affects your strength (+2).
   Dex:       It affects your dexterity (-5).
   rC:        It protects you from cold.
 f - a ring of flight
 g - an amulet of reflection (around neck)
 I - a +6 ring of intelligence (left hand)
 K - a +6 ring of dexterity (right hand)
 N - a ring of fire
 V - a ring of ice
 X - a +6 ring of dexterity
Wands
 q - a wand of paralysis (8)
 x - a wand of digging (16)
 D - a wand of polymorph (23)
 F - a wand of iceblast (6)
Scrolls
 d - a scroll of torment
 e - 4 scrolls of immolation
 j - 6 scrolls of teleportation
 l - 4 scrolls of blinking
 n - 3 scrolls of amnesia
 p - 2 scrolls of enchant armour
 v - 4 scrolls of fear
 L - 4 scrolls of enchant weapon
 O - 2 scrolls of summoning
 Q - 3 scrolls of fog
 R - 3 scrolls of vulnerability
 T - 3 scrolls of magic mapping
 W - 2 scrolls of silence
 Z - a scroll of brand weapon
Potions
 b - 3 potions of lignification
 h - a potion of invisibility
 k - 2 potions of cancellation
 o - 8 potions of magic
 s - a potion of ambrosia
 t - 9 potions of attraction
 u - 4 potions of haste
 w - a potion of brilliance
 z - a potion of curing
 B - a potion of might {unknown}
 E - 5 potions of mutation
 G - 5 potions of flight
 S - 2 potions of resistance
 U - 2 potions of berserk rage


   Skills:
 + Level 10.3 Fighting
 * Level 10.6 Axes
 + Level 9.0 Armour
 + Level 9.1 Dodging
 - Level 7.0 Stealth
 - Level 4.0 Shields
 * Level 11.9 Spellcasting
 - Level 2.0 Conjurations
 - Level 7.3 Summonings
 + Level 12.1 Necromancy
 - Level 2.0 Translocations
 - Level 2.0 Air Magic
 - Level 5.0 Earth Magic
 - Level 4.0 Evocations


You had 14 spell levels left.
You knew the following spells:

 Your Spells              Type           Power      Damage    Failure   Level
a - Pain                  Necr           100%       1d9       1%          1
b - Vampiric Draining     Necr           71%        2d11      1%          3
c - Blink                 Tloc           54%        N/A       2%          2
d - Passwall              Tmut/Erth      25%        N/A       1%          2
e - Summon Lightning Spi  Summ/Air       42%        N/A       4%          4
f - Borgnjor's Vile Clut  Necr/Erth      29%        N/A       2%          5
g - Iron Shot             Conj/Erth      18%        9d4       77%         6

Your spell library contained the following spells:

 Spells                   Type           Power      Damage    Failure   Level
 Animate Skeleton         Necr           100%       N/A       1%          1
 Apportation              Tloc           54%        N/A       1%          1
 Sandblast                Erth           88%        2d18      1%          1
 Summon Small Mammal      Summ           100%       N/A       1%          1
 Sublimation of Blood     Necr           71%        N/A       1%          2
 Call Canine Familiar     Summ           55%        N/A       1%          3
 Animate Dead             Necr           35%        N/A       1%          4
 Dispel Undead            Necr           71%        3d24      1%          4
 Agony                    Necr           71%        N/A       1%          5
 Excruciating Wounds      Necr           35%        N/A       1%          5
 Stone Arrow              Conj/Erth      72%        3d11      2%          3
 Summon Guardian Golem    Hex/Summ       37%        N/A       2%          3
 Death Channel            Necr           35%        N/A       3%          6
 Wereblood                Tmut           16%        N/A       4%          2
 Lesser Beckoning         Tloc           27%        N/A       4%          3
 Ozocubu's Armour         Ice            16%        N/A       10%         3
 Spider Form              Tmut/Pois      16%        N/A       10%         3
 Airstrike                Air            13%        N/A       14%         4
 Lightning Bolt           Conj/Air       13%        1d27      38%         5
 Manifold Assault         Tloc           27%        N/A       38%         5
 Haunt                    Necr/Summ      31%        N/A       45%         7
 Fireball                 Conj/Fire      11%        3d7       52%         5
 Summon Hydra             Summ           27%        N/A       80%         7
 Borgnjor's Revivificati  Necr           35%        N/A       83%         8
 Infestation              Necr           35%        N/A       83%         8
 Starburst                Conj/Fire      11%        6d5       98%         6
 Ozocubu's Refrigeration  Ice            8%         4d6       100%        7
 Ignition                 Fire           8%         3d5       100%        8


Dungeon Overview and Level Annotations

Branches:
Dungeon (10/15)            Temple (1/1) D:5            Lair (6/6) D:10
 Shoals (2/4) Lair:2       Spider (1/4) Lair:4        Slime (0/5) Lair:6
    Orc (2/2) D:9             Elf (0/3) Orc:2

Altars:
Ashenzari
Cheibriados
Dithmenos
Elyvilon
Fedhas
Gozag
Hepliaklqana
Kikubaaqudgha
Makhleb
Nemelex Xobeh
Okawaru
Qazlal
Ru
Sif Muna
Trog
Uskayaw
Vehumet
Wu Jian
Xom
Yredelemnul
Zin
The Shining One
Beogh

Shops:
D:2 [*   D:8 !   D:9 ([[   D:10 (=[   Orc:2 :(?*   Shoals:1 (   Shoals:2 [

Annotations:
Lair:1 3 runed translucent doors, FLACIDUS's ghost, journeyman GrEE
Lair:4 6 runed translucent doors
Orc:2 1 runed translucent door, dandone's ghost, journeyman DrBe


Innate Abilities, Weirdness & Mutations

You are resistant to damage.
You can heal yourself by infusing magical energy.
You resist negative energy. (rN+)
You passively map the area around you.
You do not regenerate.
You are robust. (+10% HP)
You are resistant to electric shocks. (rElec)
You are weak. (Str -2)


Message History

The stone giant hits you but does no damage.
The sea snake misses you. The sea snake barely misses you.
There is a stone staircase leading up here.
Casting: Vampiric Draining (safe; 1% risk of failure)
Confirm with . or Enter, or press ? or * to list all spells.
Aiming: Vampiric Draining (safe; 1% risk of failure)
Press: ? - help, Shift-Dir - straight line, f - sea snake
Aim: a sea snake You draw life force from the sea snake!
You feel life coursing into your body!
The sea snake bites you but does no damage.
The sea snake bites you!
* * * LOW HITPOINT WARNING * * *
You are poisoned.
The sea snake poisons you!
Casting: Vampiric Draining (safe; 1% risk of failure)
Confirm with . or Enter, or press ? or * to list all spells.
Aiming: Vampiric Draining (safe; 1% risk of failure)
Press: ? - help, Shift-Dir - straight line, f/p - sea snake
Aim: a sea snake (moderately wounded)
You draw life force from the sea snake!
You feel life coursing into your body.
You feel extremely sick. The sea snake bites you.
The sea snake bites you but does no damage.
The stone giant hits you!!
* * * LOW HITPOINT WARNING * * *
Blink to where?
Press: ? - help, Dir - move target, p - sea snake
Okay, then.
Unknown command.
As you read the scroll of teleportation, it crumbles to dust.
You feel strangely unstable.
* * * LOW HITPOINT WARNING * * *
You feel extremely sick. You block the sea snake's attack.
The sea snake completely misses you. The stone giant closely misses you.
* * * LOW HITPOINT WARNING * * *
You feel very sick. The sea snake bites you!
You die...

≈.P.≈≈≈P≈≈≈≈.##≈≈≈≈##≈≈≈.# #..P≈≈
≈....≈≈≈≈≈≈≈≈#.....≈≈≈≈..# #...P≈
...P..≈≈≈≈≈≈≈###.....≈...# ##....
......≈≈≈≈≈≈≈P≈#.#....######P..P.
)....P.≈†≈≈≈≈≈≈###....###≈≈)...≈P
.......≈≈≈≈≈≈≈≈≈........≈≈≈....≈P
≈.......≈≈≈≈P≈≈.....≈≈≈.≈≈≈......
≈.......P≈≈.≈≈†...≈≈≈.≈≈≈≈≈≈.....
≈≈≈≈......≈..†SC@..≈≈≈≈≈≈≈≈≈≈....
#≈≈≈≈≈≈..#####.S####≈≈≈≈≈≈≈≈≈≈≈≈.
####≈.≈##############≈≈≈≈≈≈≈≈≈≈≈≈
*#≈###≈##...###...≈#≈≈≈≈≈≈≈≈≈≈≈≈
#.≈≈ ≈#≈....#....#≈≈≈≈≈≈≈≈≈≈≈≈≈ #
≈≈#≈.(..#....#.≈≈≈≈≈≈≈≈≈≈≈≈ ≈ ≈
S#≈.†..#[...#≈.≈≈≈≈≈≈≈≈≈≈≈ ≈* ≈
##≈###≈##.(.)#.≈≈≈≈≈≈≈≈≈≈≈ *
###≈≈≈########.≈≈≈≈≈≈≈≈≈≈≈


You could see a stone giant and 2 sea snakes.

Vanquished Creatures
  A fire dragon (Shoals:1)
  3 hydras
  Fannar (Lair:3)
  A centaur warrior (D:9)
  A jorogumo (Spider:1)
  A merfolk avatar (Shoals:2)
  5 death yaks
  Nergalle (Lair:2)
  A pharaoh ant (Spider:1)
  5 sea snakes
  An orb spider (Spider:1)
  5 orc knights
  14 harpies
  2 fauns
  2 wolf spiders
  4 merfolk sirens
  5 manticores
  3 cyclopes
  10 black mambas
  9 elephants
  4 water nymphs
  Maggie (D:8)
  12 cane toads
  3 torpor snails
  5 rime drakes
  An unseen horror (D:10)
  11 komodo dragons
  2 demonic crawlers
  2 trolls (Orc:1)
  8 merfolk
  3 meliai (Spider:1)
  A hornet (D:8)
  5 polar bears
  4 wind drakes
  6 tarantellas (Spider:1)
  A meliai zombie (D:10)
  5 snapping turtles
  26 blink frogs
  Grinder (D:5)
  6 dream sheep (Lair:4)
  5 jumping spiders
  A water elemental (Shoals:1)
  Sigmund (D:2)
  A wraith (D:9)
  60 yaks
  A culicivora (Spider:1)
  A small abomination (Lair:6)
  3 wyverns
  5 basilisks
  Grum (D:8)
  2 steam dragons
  6 redbacks
  5 wargs
  18 water moccasins
  Duvessa (D:5)
  A sky beast (D:7)
  42 orc warriors
  A black bear (D:4)
  An ice beast (D:6)
  38 wolves
  3 centaurs
  6 ogres
  A kobold brigand (D:6)
  9 bullfrogs
  6 scorpions
  A gnoll sergeant (D:9)
  Dowan (D:5)
  A water moccasin skeleton (D:6)
  A killer bee (D:9)
  3 howler monkeys
  2 bullfrog zombies
  A jelly (D:6)
  4 centaur zombies
  15 orc priests
  3 hounds
  A gnoll shaman (D:5)
  Ijyb (D:4)
  An iguana (D:7)
  15 orc wizards
  A killer bee zombie (D:6)
  A hound skeleton (D:4)
  A howler monkey zombie (D:9)
  7 gnolls
  11 adders
  2 ufetubi (D:6)
  2 worms
  A dart slug (D:5)
  78 orcs
  3 endoplasms
  5 giant cockroaches
  7 goblins
  3 hobgoblins
  4 jackals (D:1)
  A quokka (D:3)
  10 ball pythons
  13 bats
  2 frilled lizards
  8 kobolds
  5 rats
  2 butterflies (Lair:5)
618 creatures vanquished.

Vanquished Creatures (collateral kills)
  3 hydras
  A large abomination (Lair:6)
  A culicivora (Spider:1)
  3 small abominations (Lair:6)
8 creatures vanquished.

Vanquished Creatures (others)
  A ball python (D:4)
  A bush (Lair:2)
  69 fungi
  86 plants
157 creatures vanquished.

Grand Total: 783 creatures vanquished

Notes
Turn   | Place    | Note
-------+----------+-------------------------------------------
     0 | D:1      | Hylith the Deep Dwarf Necromancer began the quest for the
                  | Orb.
     0 | D:1      | Reached XP level 1. HP: 15/15 MP: 3/3
   431 | D:1      | Reached XP level 2. HP: 22/22 MP: 1/5
   906 | D:2      | Found Jeut's Antique Armour Shoppe.
   910 | D:2      | Reached XP level 3. HP: 25/28 MP: 2/6
   914 | D:2      | Learned a level 3 spell: Vampiric Draining
  1024 | D:2      | Found a snail-covered altar of Cheibriados.
  1122 | D:2      | Found Paygeq's General Store.
  1128 | D:2      | Bought a scroll of teleportation for 33 gold pieces
  1128 | D:2      | Bought a scroll of blinking for 82 gold pieces
  1128 | D:2      | Bought a scroll of identify for 22 gold pieces
  1131 | D:2      | Reached skill level 5 in Necromancy
  1393 | D:2      | Noticed Sigmund
  1883 | D:3      | Reached XP level 4. HP: 17/37 MP: 2/7
  2233 | D:3      | Reached skill level 1 in Fighting
  2279 | D:3      | Found a shimmering altar of Xom.
  2280 | D:3      | Found a shimmering altar of Xom.
  2328 | D:3      | Reached XP level 5. HP: 44/44 MP: 4/8
  2365 | D:3      | Found a shimmering altar of Xom.
  2366 | D:3      | Found a shimmering altar of Xom.
  2366 | D:3      | Found a shimmering altar of Xom.
  2538 | D:4      | Noticed a steam dragon
  2568 | D:4      | Noticed a black bear
  2653 | D:4      | Reached skill level 6 in Necromancy
  2727 | D:4      | Killed a black bear
  2728 | D:4      | Reached XP level 6. HP: 51/51 MP: 2/11
  2952 | D:4      | Noticed a +0 dagger
  2954 | D:4      | Noticed a +0 dagger
  2997 | D:4      | You fall into a shaft and drop 3 floors!
  3003 | D:7      | Noticed a sky beast
  3071 | D:7      | Noticed a water moccasin
  3080 | D:7      | Killed a water moccasin
  3081 | D:7      | Reached XP level 7. HP: 56/60 MP: 2/13
  3081 | D:7      | Found a flagged portal.
  3111 | D:7      | Reached skill level 7 in Necromancy
  3409 | D:5      | Entered Level 5 of the Dungeon
  3468 | D:4      | Found a hide-covered altar of Uskayaw.
  3662 | D:4      | Killed a steam dragon
  3803 | D:7      | Reached skill level 5 in Spellcasting
  3803 | D:7      | Reached skill level 8 in Necromancy
  3803 | D:7      | Reached XP level 8. HP: 68/69 MP: 5/15
  3819 | D:7      | Identified the +8 quarterstaff "Xiq Uruv" {antimagic, rCorr
                  | Dex+6}
  4014 | D:4      | Noticed Ijyb
  4030 | D:4      | Killed Ijyb
  4767 | D:5      | Found a staircase to the Ecumenical Temple.
  4985 | D:5      | Reached skill level 1 in Evocations
  5007 | Temple   | Entered the Ecumenical Temple
  5186 | Temple   | Became a worshipper of Makhleb the Destroyer
  5268 | D:5      | Noticed Duvessa
  5271 | D:5      | Noticed Dowan
  5310 | D:5      | Killed Duvessa
  5321 | D:5      | Killed Dowan
  5760 | D:5      | Noticed Grinder
  6338 | D:2      | Killed Sigmund
  6339 | D:2      | Reached skill level 9 in Necromancy
  6339 | D:2      | Gained mutation: You passively map the area around you.
                  | [Deep Dwarf growth]
  6339 | D:2      | Reached XP level 9. HP: 65/79 MP: 9/18
  6404 | D:2      | Bought a shiny helmet for 210 gold pieces
  7091 | D:6      | Reached skill level 5 in Fighting
  7808 | D:7      | Learned a level 2 spell: Blink
  7809 | D:8      | Noticed Maggie
  7809 | D:8      | Noticed a cyclops
  7850 | D:7      | Reached skill level 1 in Armour
  7995 | D:7      | Reached * piety under Makhleb
  8164 | D:7      | Reached skill level 1 in Translocations
  8285 | D:8      | Found an opulent altar of Gozag.
  8285 | D:8      | Found a shadowy altar of Dithmenos.
  8286 | D:8      | Found a glowing golden altar of the Shining One.
  8287 | D:8      | Found Lexar's Distillery.
  8302 | D:8      | Bought a potion of heal wounds for 65 gold pieces
  8305 | D:8      | Identified a scroll of acquirement
  8589 | D:8      | Paralysed by a hornet for 3 turns
  8596 | D:8      | Paralysed by a hornet for 3 turns
  8701 | D:8      | Acquired 564 gold pieces
  9068 | D:8      | Noticed Grum
  9088 | D:8      | Reached skill level 10 in Necromancy
  9092 | D:8      | Killed Grum
  9350 | D:8      | Reached XP level 10. HP: 91/91 MP: 10/20
  9870 | D:8      | Killed Maggie
 10246 | D:8      | Killed a cyclops
 10253 | D:8      | Bought a potion of cancellation for 104 gold pieces
 10253 | D:8      | Bought a potion of resistance for 130 gold pieces
 10253 | D:8      | Bought a potion of haste for 130 gold pieces
 10579 | D:9      | Found Osygeus's Armour Shoppe.
 10581 | D:9      | Found a staircase to the Orcish Mines.
 10767 | D:9      | Found Isimif's Weapon Shoppe.
 10957 | D:9      | Noticed a centaur warrior
 10965 | D:9      | Killed a centaur warrior
 11139 | D:9      | Found Dimakh's Antique Armour Boutique.
 11447 | D:9      | Reached skill level 11 in Necromancy
 11451 | D:9      | Reached skill level 5 in Stealth
 11604 | D:9      | Reached ** piety under Makhleb
 12036 | D:9      | Learned a level 2 spell: Passwall
 12080 | D:10     | Entered Level 10 of the Dungeon
 12083 | D:10     | Found Miheorgh's Jewellery Shop.
 12201 | D:10     | Found Buhuug's Antique Armour Shoppe.
 12394 | D:10     | Reached skill level 1 in Axes
 12447 | D:10     | Noticed a death yak
 12503 | D:10     | Found Huskaefo's Antique Weapon Shop.
 12574 | D:10     | Reached XP level 11. HP: 49/100 MP: 14/21
 12651 | D:10     | Found a shimmering blue altar of Sif Muna.
 12969 | D:9      | Bought a +2 pair of boots for 214 gold pieces
 12988 | Orc:1    | Entered Level 1 of the Orcish Mines
 13437 | Orc:1    | Reached skill level 1 in Earth Magic
 14382 | Orc:2    | Entered Level 2 of the Orcish Mines
 14389 | Orc:2    | Found a runed translucent door.
 14399 | Orc:2    | Found a staircase to the Elven Halls.
 14400 | Orc:2    | Found a shimmering altar of Xom.
 14400 | Orc:2    | Noticed a +2 flail of chaos
 14400 | Orc:2    | Noticed dandone's ghost (journeyman DrBe)
 14458 | Orc:2    | Found a flickering gateway to a bazaar.
 14485 | Bazaar   | Entered a bazaar
 14491 | Bazaar   | Found Bamp's Book Shop.
 14491 | Bazaar   | Found Qick's Jewellery Boutique.
 14493 | Bazaar   | Got the Disquisition on Sinister Secrets
 14506 | Bazaar   | Bought a book of Storms for 448 gold pieces
 14533 | Orc:2    | Learned a level 4 spell: Summon Lightning Spire
 14550 | Orc:2    | Noticed an orc knight
 14607 | Orc:2    | Reached *** piety under Makhleb
 14790 | Orc:1    | Reached skill level 5 in Dodging
 14927 | Orc:2    | Noticed an orc knight
 15059 | D:10     | Noticed a death yak
 15086 | D:10     | Killed a death yak
 15087 | D:10     | Reached skill level 5 in Armour
 15087 | D:10     | Reached skill level 1 in Summonings
 15185 | D:10     | Noticed a death yak
 15242 | D:10     | Found a staircase to the Lair.
 15475 | D:10     | Killed a death yak
 15476 | D:10     | Reached skill level 1 in Shields
 15860 | D:10     | Killed a death yak
 16061 | Lair:1   | Entered Level 1 of the Lair of Beasts
 16414 | D:10     | Gained mutation: You tend to lose your temper in combat. [a
                  | neqoxec]
 16420 | D:10     | Gained mutation: You are frail. (-10% HP) [a neqoxec]
 16427 | D:10     | Lost mutation: You tend to lose your temper in combat.
                  | [potion of mutation]
 16427 | D:10     | Lost mutation: You are frail. (-10% HP) [potion of
                  | mutation]
 16427 | D:10     | Gained mutation: You are resistant to electric shocks.
                  | (rElec) [potion of mutation]
 16427 | D:10     | Gained mutation: You are weak. (Str -2) [potion of
                  | mutation]
 16427 | D:10     | Gained mutation: You are robust. (+10% HP) [potion of
                  | mutation]
 16647 | D:10     | Reached skill level 12 in Necromancy
 16843 | Lair:1   | Reached XP level 12. HP: 115/121 MP: 4/23
 17533 | Lair:1   | Reached **** piety under Makhleb
 17704 | Lair:1   | Found a runed translucent gate.
 17710 | Lair:1   | Found a runed translucent gate.
 17711 | Lair:1   | Found a runed translucent gate.
 17738 | Lair:1   | Noticed FLACIDUS's ghost (journeyman GrEE)
 18327 | D:5      | Killed Grinder
 19039 | Lair:2   | Reached skill level 5 in Axes
 19039 | Lair:2   | Reached skill level 5 in Summonings
 20288 | Lair:2   | Found a staircase to the Shoals.
 20543 | Lair:3   | Reached XP level 13. HP: 97/129 MP: 14/24
 20775 | Lair:3   | Noticed Nergalle
 21301 | Lair:2   | Killed Nergalle
 21770 | Lair:3   | Reached skill level 10 in Spellcasting
 21915 | Lair:3   | Noticed Fannar
 21989 | Lair:3   | Killed Fannar
 22248 | Lair:4   | Found a hole to the Spider Nest.
 23108 | Lair:4   | Identified the amulet "Meukkuc" {Spirit rC+ Str+2 Dex-5}
 23803 | Lair:4   | Reached ***** piety under Makhleb
 24009 | Lair:4   | Found a runed translucent door.
 24762 | Lair:5   | Identified the +4 hunting sling of Biupna {flame, rF+
                  | Dex+2}
 25656 | Lair:6   | Entered Level 6 of the Lair of Beasts
 25817 | Lair:6   | Found a staircase to the Slime Pits.
 26320 | Lair:6   | Gained mutation: You resist negative energy. (rN+) [Deep
                  | Dwarf growth]
 26320 | Lair:6   | Reached XP level 14. HP: 130/141 MP: 5/26
 27395 | Lair:6   | Reached skill level 10 in Fighting
 29477 | Orc:2    | Reached ****** piety under Makhleb
 29732 | Orc:2    | Found Ruegoc's Magic Scroll Boutique.
 29732 | Orc:2    | Found Inina's Assorted Antiques.
 31033 | Orc:2    | Found Faur's Book Boutique.
 31033 | Orc:2    | Found Zodaing's Weapon Emporium.
 31088 | Orc:2    | Bought a potion of mutation for 232 gold pieces
 31098 | Orc:2    | Bought a scroll of brand weapon for 320 gold pieces
 31128 | Orc:2    | Bought the Compendium of the Several Artisans for 476 gold
                  | pieces
 31165 | Orc:2    | Learned a level 5 spell: Borgnjor's Vile Clutch
 31492 | Spider:1 | Entered Level 1 of the Spider Nest
 31856 | Spider:1 | Paralysed by a jorogumo for 3 turns
 31878 | Spider:1 | Paralysed by a jorogumo for 1 turns
 33466 | Spider:1 | Learned a level 6 spell: Iron Shot
 34069 | Lair:4   | Found a runed translucent gate.
 34069 | Lair:4   | Found a runed translucent gate.
 34069 | Lair:4   | Found a runed translucent gate.
 34069 | Lair:4   | Found a runed translucent gate.
 34070 | Lair:4   | Found a runed translucent gate.
 34072 | Lair:4   | Found a runed translucent gate.
 34157 | Shoals:1 | Entered Level 1 of the Shoals
 34162 | Shoals:1 | Found Fynwycue's Weapon Boutique.
 34492 | Shoals:1 | Reached skill level 1 in Conjurations
 35041 | Shoals:1 | Reached skill level 1 in Air Magic
 35133 | Shoals:1 | Reached XP level 15. HP: 120/151 MP: 7/26
 36419 | Shoals:2 | Reached skill level 10 in Axes
 36742 | Shoals:2 | Reached skill level 5 in Earth Magic
 37278 | Shoals:2 | Found Heethrea's Armour Boutique.
 37740 | Shoals:2 | Acquired 567 gold pieces
 38425 | Shoals:2 | HP: 6/152 [poisoned by a sea snake]
 38426 | Shoals:2 | HP: 2/152 [poisoned by a sea snake]
 38426 | Shoals:2 | Mangled by a sea snake

Illustrated notes

Levels and vault maps discovered:
D:1:      minmay_arrival_doors, layout_basic, minmay_misc_feat_x,
          glass_columns_c
D:2:      layout_basic, basic_altar, serial_shops, shop, shop_coins,
          minivault_24, uniq_sigmund
D:3:      layout_basic, xom_redecorated, minmay_snake_closets
D:4:      layout_layer_cave, dancing_weapons_uskayaw, uniq_ijyb
D:5:      layout_cave_pods, minmay_temple_entry_glass, uniq_duvessa,
          uniq_grinder
D:6:      layout_basic, kennysheep_generic_room_11
D:7:      layout_cave_pools, enter_bailey_2
D:8:      layout_layer_cave, gammafunk_temple_overflow_claw, special_room
          [special_room_orc], serial_shops, nicolae_shop_advertising_works
          [nicolae_subvault_shop_adworks], minivault_1,
          chequers_serial_rivers_small_3, supply_closet_lemuel, uniq_maggie,
          uniq_grum
D:9:      layout_irregular_city, orc_david_3, serial_shops,
          nicolae_shop_waterfront, minmay_three_doors
D:10:     layout_basic, led_sif_pool, dpeg_lair_monsters, serial_shops, shop,
          nicolae_shop_hallway_stairs, nicolae_shop_stone, grunt_ministairs_13
Temple:   eino_temple_rhombus
Lair:1:   layout_cave_shapes, gammafunk_ghost_icy, grunt_megastairs_3,
          lemuel_fruit_fields
Lair:2:   layout_misc_corridors, elwin_shoals_entry_rooms
Lair:3:   layout_regular_city, beast_lair_carwin_2, uniq_fannar, uniq_nergalle
Lair:4:   gammafunk_indiana_jones, layout_regular_city, spider_nest_entry_webs
Lair:5:   layout_regular_city, lemuel_fruit_tree, lemuel_fruit_fields
Lair:6:   hellmonk_lair_end_abyssal_woods, layout_regular_city,
          dpeg_slime_entry_corner, roderic_batcave
Shoals:1: layout_shoals, serial_shops, shop_fountains, nzn_prometheus_bound
Shoals:2: layout_shoals, serial_shops, nicolae_shop_stone,
          nicolae_shoals_lost_giant_hut, hangedman_shoals_cup_caves
Spider:1: layout_chambers, nicolae_crawler_farm
Orc:1:    layout_diamond_mine
Orc:2:    st_orc_town, layout_caves, basic_altar, ebering_ghost_xom,
          serial_shops, bzr_entry_gold

Skill      XL: |  1  2  3  4  5  6  7  8  9 10 11 12 13 14 15 |
---------------+----------------------------------------------+-----
Spellcasting   | 2 3 4 5 6 7 8 9 10 11 | 11.9
Stealth        | 3 4 5 6 7 |  7.0
Dodging        | 3 4 5 6 7 9 |  9.1
Necromancy     | 5 6 8 9 10 11 12 | 12.1
Fighting       | 1 2 3 4 6 7 8 9 10 | 10.3
Evocations     | 2 4 |  4.0
Armour         | 3 4 5 6 7 9 |  9.0
Translocations | 1 2 |  2.0
Axes           | 1 3 5 7 9 10 | 10.6
Earth Magic    | 2 4 5 |  5.0
Summonings     | 3 5 7 |  7.3
Shields        | 2 3 4 |  4.0
Conjurations   | 1 2 |  2.0
Air Magic      | 1 2 |  2.0

Action                   |  1- 3 |  4- 6 |  7- 9 | 10-12 | 13-15 || total
-------------------------+-------+-------+-------+-------+-------++-------
Melee: Short sword       |    54 |       |       |       |       ||    54
       Dagger            |    20 |    40 |   239 |    96 |    19 ||   414
       Punch             |     1 |       |     5 |    14 |    21 ||    41
       War axe           |       |       |       |   640 |   964 ||  1604
       Quarterstaff      |       |       |       |       |    37 ||    37
Throw: Dart              |       |       |       |    10 |    12 ||    22
 Cast: Pain              |    68 |    17 |    41 |     8 |     3 ||   137
       Vampiric Draining |       |    12 |    96 |   297 |   644 ||  1049
       Blink             |       |       |       |     3 |       ||     3
       Summon Lightning  |       |       |       |       |    18 ||    18
       Borgnjor's Vile C |       |       |       |       |     7 ||     7
Invok: Lesser Servant of |       |       |       |     2 |     1 ||     3
 Abil: Heal Wounds       |       |       |     1 |     3 |     8 ||    12
Evoke: Wand              |       |       |       |    16 |    16 ||    32
  Use: Scroll            |       |     9 |     5 |     5 |     9 ||    28
       Potion            |       |       |     1 |     4 |     7 ||    12
 Stab: Sleeping          |     1 |     5 |     4 |     8 |     6 ||    24
       Distracted        |       |       |       |     3 |     6 ||     9
Armor: Robe              |    35 |       |       |       |       ||    35
       Leather armour    |       |    10 |    15 |       |     5 ||    30
       Steam dragon scal |       |       |    81 |   322 |   559 ||   962
Dodge: Dodged            |    72 |    25 |   187 |   688 |  1646 ||  2618
       Repelled          |       |       |       |     1 |    16 ||    17
Block: Other             |     1 |    12 |    81 |   257 |   486 ||   837
       Reflection        |       |       |       |     3 |     5 ||     8
